 Dungeon Crawl Stone Soup version 0.18.1-50-g88ac8fd (webtiles) character file.

1835 Amnesiac the Prestidigitator (level 8, -1/46 HPs)
             Began as a Deep Elf Fighter on Mar 1, 2018.
             Killed by divine providence
             ... invoked by an orc priest
              (11 damage)
             ... on level 7 of the Dungeon.
             The game lasted 00:14:21 (5732 turns).

Amnesiac the Prestidigitator (Deep Elf Fighter)     Turns: 5732, Time: 00:14:22

Health: -1/46      AC: 13    Str: 20    XL:     8   Next: 87%
Magic:  18/18      EV:  9    Int: 14    God:
Gold:   207        SH:  9    Dex: 14    Spells: 0 memorised, 7 levels left

rFire  . . .     SeeInvis .     x - +7 mace of Waumn {drain, Str+5}
rCold  . . .     Gourm    .     k - +0 scale mail
rNeg   . . .     Faith    .     c - +0 shield
rPois  .         Spirit   .     l - +0 helmet
rElec  .         Dismiss  .     z - +0 cloak
rCorr  .         Reflect  .     B - +2 pair of gloves
SustAt .         Harm     .     e - +0 pair of boots
MR     .....                    (no amulet)
Stlth  ..........               (no ring)
                                (no ring)

@: not resistant to hostile enchantments, extremely unstealthy
A: wild magic 1
a: no special abilities


You were on level 7 of the Dungeon.
You were not hungry.

You visited 1 branch of the dungeon, and saw 7 of its levels.

You collected 207 gold pieces.

Inventory:

Hand Weapons
 a - a +1 dagger of draining
 x - the +7 mace of Waumn (weapon) {drain, Str+5}
   (You found it on level 5 of the Dungeon)

   A truly terrible weapon, it drains the life of those it strikes.
   It affects your strength (+5).
Missiles
 p - 112 stones (quivered)
Armour
 c - a +0 shield (worn)
 e - a +0 pair of boots (worn)
 k - a +0 scale mail (worn)
 l - a +0 helmet (worn)
 s - the +0 chain mail of Tetea {rF+ Stlth+}
   (You found it on level 6 of the Dungeon)

   It protects you from fire.
   It makes you more stealthy.
 z - a +0 cloak (worn)
 B - a +2 pair of gloves (worn)
Magical Staves
 o - an uncursed staff of death
Wands
 h - a wand of disintegration (1/24)
Scrolls
 i - 2 scrolls of immolation {!r}
 q - 3 scrolls of remove curse {!r}
 r - 3 scrolls of teleportation {!r}
 t - a scroll of vulnerability {!r}
 w - a scroll of fear {!r}
 y - a scroll of enchant weapon {!r}
Potions
 b - a potion of heal wounds {!q}
 d - a potion of might {!q}
 m - a potion of cancellation {!q}
Books
 j - a book of Unlife

   Spells                             Type                      Level
   a - Recall                         Summoning/Translocation      3
   b - Animate Dead                   Necromancy                   4
   c - Control Undead                 Necromancy                   4
   d - Cigotuvi's Embrace             Necromancy                   5
   e - Death Channel                  Necromancy                   6
   f - Simulacrum                     Ice/Necromancy               6
 u - a book of the Sky

   Spells                             Type                      Level
   a - Summon Lightning Spire         Summoning/Air                4
   b - Airstrike                      Air                          4
   c - Silence                        Hexes/Air                    5
   d - Deflect Missiles               Charms/Air                   6
   e - Conjure Ball Lightning         Conjuration/Air              6
   f - Tornado                        Air                          9
Comestibles
 f - 4 bread rations
 g - 2 meat rations
 n - 2 chunks of flesh
 A - 5 fruits


   Skills:
 - Level 3.0 Fighting
 - Level 2.0 Short Blades
 - Level 3.0 Armour
 - Level 3.0 Dodging
 - Level 3.0 Shields
 + Level 11.2 Evocations


You had 7 spell levels left.
You didn't know any spells.

Dungeon Overview and Level Annotations

Branches:
Dungeon (7/15)
 Temple: D:4-7

Altars:
Ashenzari
Cheibriados
Fedhas
Nemelex Xobeh
Qazlal
Trog

Shops:
D:4 !   D:6 [


Innate Abilities, Weirdness & Mutations

Your spells are a little harder to cast, but a little more powerful.


Message History

You hit the ogre.
The ogre is moderately wounded.
The ogre hits you with a giant club!
You sock the ogre!
The ogre is heavily wounded.
The ogre barely misses you.
You hit the ogre.
The ogre is almost dead.
The ogre closely misses you.
You hit the ogre. You drain the ogre!
You kill the ogre!
No target in view!
You start resting.
HP restored.
Found a stone staircase leading down.
You open the door.
There is an open door here.
You open the door.
A giant newt comes into view.
There is an open door here.
A giant newt is nearby!
You thump the giant newt!
You kill the giant newt!
Some of the chunks of flesh in your inventory have rotted away.
No target in view!
No target in view!
No target in view!
r - 3 scrolls of teleportation {!r} (gained 1)
You open the door.
There is an open door here.
As you open the door, it creaks loudly!
There is an open door here.
Some of the chunks of flesh in your inventory have rotted away.
You open the door.
Found an escape hatch in the ceiling.
There is an open door here. 2 orc priests come into view.
The orc priest shouts! x2
The orc priest calls down the wrath of Beogh upon you.
Beogh smites you!
Found 7 gold pieces.
An orc comes into view.
There are monsters nearby!
There are monsters nearby!
There is an open door here.
You start resting.
The orc priest hits you but does no damage.
You hit the orc priest.
The orc priest is moderately wounded.
The orc priest mumbles some strange prayers to Beogh against you.
Pain shoots through your body!
Your shield and scale mail prevent you from hitting the orc priest.
The orc priest is moderately wounded.
The orc priest mumbles some strange prayers to Beogh against you.
Beogh smites you!
* * * LOW HITPOINT WARNING * * *
The orc priest barely misses you.
You hear a shout!
You are too injured to fight recklessly!
You sock the orc priest!
You kill the orc priest!
The orc priest mumbles some strange prayers to Beogh against you.
Beogh smites you!
You die...

######...##########
'.................+
#.................#
#.................#
#...###..####>....#
#######..####.....#
#.....#.....#.....#
#.....#.....#.....#
'.†...#.....'...@.#
#....####'#######o#
#....##....##.....#
#....##.....#............
#...........#...........$
#...........#............
#....########....<##.....
###### #.o...# #####
#..o..#


You could see an orc priest.

Vanquished Creatures
  An ice beast (D:6)
  2 phantoms
  3 ogres
  3 centaurs
  2 giant frogs
  A big kobold (D:4)
  Blork the orc (D:4)
  5 crimson imps (D:6)
  3 giant frog zombies
  2 hounds (D:6)
  A giant frog skeleton (D:4)
  An orc priest (D:7)
  2 orc wizards (D:6)
  A centaur skeleton (D:5)
  4 worker ants
  Terence (D:2)
  A worker ant zombie (D:6)
  Robin (D:4)
  3 gnolls (D:4)
  A howler monkey skeleton (D:4)
  5 adders
  2 shadow imps
  2 oozes
  4 worms
  2 giant geckos (D:5)
  20 orcs
  7 giant cockroaches
  9 goblins
  6 hobgoblins
  3 jackals
  A ball python (D:2)
  5 giant newts
  5 kobolds
  2 rats (D:2)
112 creatures vanquished.

Notes
Turn   | Place    | Note
--------------------------------------------------------------
     0 | D:1      | Amnesiac the Deep Elf Fighter began the quest for the Orb.
     0 | D:1      | Reached XP level 1. HP: 13/13 MP: 3/3
   202 | D:2      | Reached skill level 1 in Dodging
   226 | D:2      | Reached XP level 2. HP: 15/18 MP: 4/4
   659 | D:3      | Gained mutation: Your spells are a little harder to cast, but a little more powerful. [potion of beneficial mutation]
   660 | D:3      | Reached XP level 3. HP: 4/22 MP: 5/5
   939 | D:4      | Noticed Blork the orc
   939 | D:4      | Noticed an ogre
   956 | D:3      | You fall through a shaft!
  1234 | D:4      | Found a bloodstained altar of Trog.
  1406 | D:4      | Reached XP level 4. HP: 19/27 MP: 6/6
  1481 | D:4      | Noticed Robin
  1520 | D:3      | Noticed Terence
  1623 | D:2      | Killed Terence
  2223 | D:3      | Found a sparkling altar of Nemelex Xobeh.
  2316 | D:3      | Reached skill level 1 in Evocations
  2469 | D:4      | Killed Blork the orc
  2469 | D:4      | Reached skill level 2 in Evocations
  2469 | D:4      | Reached XP level 5. HP: 3/32 MP: 6/9
  2771 | D:4      | Killed Robin
  2771 | D:4      | Reached skill level 3 in Evocations
  2808 | D:4      | Found Datwaph's Distillery.
  2907 | D:4      | Noticed a phantom
  2936 | D:4      | Killed a phantom
  2936 | D:4      | Reached skill level 4 in Evocations
  2936 | D:4      | Reached XP level 6. HP: 22/37 MP: 9/11
  3368 | D:4      | Reached skill level 5 in Evocations
  3446 | D:5      | Entered Level 5 of the Dungeon
  3566 | D:5      | Found a snail-covered altar of Cheibriados.
  3589 | D:5      | Reached skill level 6 in Evocations
  3589 | D:5      | Reached XP level 7. HP: 28/41 MP: 13/13
  3838 | D:5      | Found a stormy altar of Qazlal.
  3863 | D:5      | Reached skill level 7 in Evocations
  4059 | D:5      | Reached skill level 8 in Evocations
  4124 | D:5      | Got a warped mace
  4487 | D:6      | Found Civ Qeumugy's Armour Shoppe.
  4582 | D:6      | Reached XP level 8. HP: 45/46 MP: 16/16
  4934 | D:6      | Reached skill level 9 in Evocations
  4948 | D:6      | Identified the +7 mace of Waumn {drain, Str+5} (You found it on level 5 of the Dungeon)
  4969 | D:6      | Found a shattered altar of Ashenzari.
  5261 | D:6      | Found a blossoming altar of Fedhas.
  5280 | D:6      | Reached skill level 10 in Evocations
  5500 | D:6      | Got an ancient chain mail
  5511 | D:6      | Identified the +0 chain mail of Tetea {rF+ Stlth+} (You found it on level 6 of the Dungeon)
  5556 | D:6      | Reached skill level 11 in Evocations
  5732 | D:7      | Killed from afar by an orc priest

Skill      XL: |  1  2  3  4  5  6  7  8 |
---------------+-------------------------+-----
Dodging        | 2 3 |  3.0
Shields        | 3 |  3.0
Armour         | 3 |  3.0
Fighting       | 3 |  3.0
Evocations     | 2 4 6 8 11 | 11.2
Short Blades   | |  2.0

Action                   |  1- 3 |  4- 6 |  7- 9 || total
-------------------------+-------+-------+-------++-------
Melee: Rapier            |    61 |    31 |       ||    92
       Long sword        |    17 |       |       ||    17
       Short sword       |       |    88 |       ||    88
       Dagger            |       |    73 |       ||    73
       Whip              |       |    19 |   149 ||   168
       Mace              |       |       |    87 ||    87
Evoke: Wand              |       |     4 |       ||     4
  Use: Potion            |     3 |       |       ||     3
       Scroll            |     2 |     2 |     6 ||    10
  Eat: Chunk             |     1 |     8 |     7 ||    16
Armor: Scale mail        |    29 |    80 |    90 ||   199
Dodge: Dodged            |    24 |    44 |    82 ||   150
Block: Shield            |    34 |    76 |    88 ||   198
